AoeStats
← Lord Reed 5th

Arena

510151584Analyzed
1v1 RM · 3d ago on Sep 29, 2026· 36m 24s· 2 players
Game mode
Random Map
Map size
Tiny (2 player)
Population
200
Speed
Normal
Resources
Standard
Victory
Conquest
Starting age
Dark Age
Ending age
Imperial Age
RankedLock teamsTeams togetherTeam positionsShared explorationLock speedFull tech treeHidden civsTurbo modeCheats
Victory
Defeat
🇩🇪 Turks · Germany
1213
+15
🇬🇧 Japanese · United Kingdom
1195
-15
Lord Reed 5th
5:02 Loom
11:21 Feudal Age
15:39 Castle Age
17:59 Wheelbarrow
17:13 Double-Bit Axe
17:14 Horse Collar
29:12 Imperial Age
27:46 Fletching
28:16 Padded Archer Armor
27:57 Elite Skirmisher
28:34 Bodkin Arrow
29:25 Bow Saw
30:50 Bracer
31:40 Pikeman
32:47 Scale Mail Armor
32:58 Forging
33:04 Leather Archer Armor
33:15 Ballistics
34:21 Light Cavalry
35:12 Bloodlines
TheSharkus
10:42 Feudal Age
14:55 Castle Age
12:57 Double-Bit Axe
12:58 Horse Collar
15:58 Bow Saw
16:04 Heavy Plow
19:51 Loom
22:07 Fletching
26:44 Imperial Age
25:38 Thumb Ring
25:29 Bodkin Arrow
26:10 Ballistics
27:03 Padded Archer Armor
27:45 Bloodlines
29:08 Parthian Tactics
28:56 Bracer
29:30 Husbandry
29:59 Leather Archer Armor
30:36 Scale Barding Armor
32:27 Forging
33:04 Chain Barding Armor
33:10 Heavy Cavalry Archer
33:37 Capped Ram
35:40 Wheelbarrow
35:58 Ring Archer Armor
Connection lost

Rejoining the realm…

Still unreachable

The connection could not be restored.

Session expired

The server has moved on; the page needs a fresh start.